 Dungeon Crawl Stone Soup version 0.32-a0-132-g2d33c3cfaf (webtiles) character file.

Game seed: 5849543348320879959

290 Newt the Slasher (level 6, 0/51 HPs)
             Began as a Barachi Fighter on Feb 9, 2024.
             Engulfed by a steam dragon's steam (15 damage)
             ... on level 4 of the Dungeon.
             The game lasted 00:03:30 (2689 turns).

Newt the Slasher (Barachi Fighter)                  Turns: 2689, Time: 00:03:30

Health: 0/51       AC:  7    Str: 19    XL:     6   Next: 32%
Magic:  6/6        EV:  8    Int:  8    God:
Gold:   128        SH:  8    Dex: 12    Spells: 5/5 levels left

rFire   . . .        r - +1 dagger (venom)
rCold   . . .        v - +0 kite shield
rNeg    . . .        b - +0 scale mail
rPois   .            (no helmet)
rElec   .            (no cloak)
rCorr   .            (no gloves)
SInv    .            (no boots)
Will    .....        m - amulet of regeneration Stlth
                     (no ring)
HPRegen 1.08/turn    (no ring)
MPRegen 0.10/turn

%: no passive effects
@: slow
A: amphibious, slowness 1, strong legs 1, +LOS
a: Hop


You were on level 4 of the Dungeon.
You visited 1 branch of the dungeon, and saw 4 of its levels.

You collected 128 gold pieces.

Inventory:

Hand Weapons
 a - a +0 long sword
 r - a +1 dagger of venom (weapon)
Missiles
 f - 12 poisoned darts (quivered)
 n - 5 javelins
Armour
 b - a +0 scale mail (worn)
 c - a +0 buckler
 v - a +0 kite shield (worn)
Jewellery
 m - an amulet of regeneration (around neck)
Scrolls
 h - a scroll of immolation
 i - a scroll of butterflies
 j - 2 scrolls of vulnerability
 k - 4 scrolls of teleportation
 p - a scroll of noise
 q - a scroll of blinking
 u - a scroll of fog {unknown}
 w - a scroll of silence {unknown}
 y - a scroll of enchant weapon {unknown}
 C - a scroll of enchant armour {unknown}
 D - a scroll of acquirement {unknown}
 E - a scroll of poison {unknown}
Potions
 d - a potion of might
 e - 2 potions of brilliance
 l - 2 potions of mutation {unknown}
 o - a potion of ambrosia {unknown}
 s - a potion of magic {unknown}
 t - 2 potions of enlightenment {unknown}
 x - 3 potions of lignification {unknown}
 z - 2 potions of degeneration {unknown}
 A - a potion of curing {unknown}
 B - a potion of berserk rage {unknown}


   Skills:
 + Level 5.5 Fighting
 - Level 6.0 Long Blades
 * Level 4.3 Armour
 - Level 3.2 Shields


You had 5 spell levels left.
You didn't know any spells.
Your spell library contained the following spells:

 Spells                   Type           Power      Damage    Failure   Level
 Sculpt Simulacrum        Ice/Alch       0%         N/A       100%        6
 Ozocubu's Refrigeration  Ice            0%         4d7       100%        7
 Polar Vortex             Ice            0%         N/A       100%        9


Dungeon Overview and Level Annotations

Branches:
Dungeon (4/15)
 Temple: D:4-7

Altars:


Innate Abilities, Weirdness & Mutations

You are amphibious.
You cover ground slowly.
You can hop short distances.
You have an extended range of vision and can be seen from far away.


Message History

The ball of steam hits you!
* * * LOW HITPOINT WARNING * * *
You feel sick.
The adder is engulfed in a cloud of scalding steam.
The adder bites you.
* * * LOW HITPOINT WARNING * * *
You feel sick.
Things that are here:
a +0 hand axe; 4 stones; a +0 ring mail Unknown command.
You feel much better.
You feel sick.
You are no longer poisoned.
The adder bites you. The adder bites you but does no damage.
You miss the adder.
The adder is almost dead.
The adder barely misses you.
You hit the adder.
You kill the adder!
You hit the steam dragon but do no damage.
The steam dragon looks even sicker.
The steam dragon is moderately wounded.
The steam dragon bites you.
The steam dragon claws you but does no damage.
You hit the steam dragon but do no damage.
The steam dragon looks as sick as possible!
The steam dragon is moderately wounded.
The steam dragon barely misses you.
The steam dragon claws you but does no damage.
You hit the steam dragon but do no damage.
The steam dragon is heavily wounded.
The steam dragon breathes steam at you. The ball of steam hits you!
* * * LOW HITPOINT WARNING * * *
A ball python comes into view.
The ball python hisses angrily.
You hear a bark!
You hit the steam dragon but do no damage.
The steam dragon looks as sick as possible!
The steam dragon is heavily wounded.
You are engulfed in a cloud of scalding steam.
You die...

### ############ ...
#....#..... ..#..#.#...
...#.#.# #)#..S# #.....#
##########..##########
......§§@D............
###########........>.#
#................+
#...............†#
#####..........§<....####
.....................'...
.....................####
########)###########.#
#.#### #.#


You could see a steam dragon (extremely poisoned, catching breath) and a ball
python.

Vanquished Creatures
  A hound (D:3)
  Jessica (D:2)
  3 gnolls (D:2)
  10 adders
  A ribbon worm (D:4)
  4 dart slugs
  5 orcs (D:4)
  18 ball pythons
  11 endoplasms
  5 giant cockroaches
  5 goblins
  9 hobgoblins
  6 jackals
  2 quokkas
  9 bats
  3 frilled lizards
  6 kobolds
  5 rats
104 creatures vanquished.

Notes
Turn   | Place    | Note
-------+----------+-------------------------------------------
     0 | D:1      | Newt the Barachi Fighter began the quest for the Orb.
     0 | D:1      | Reached XP level 1. HP: 18/18 MP: 1/1
   106 | D:1      | Reached skill level 3 in Long Blades
   123 | D:1      | Reached XP level 2. HP: 25/25 MP: 2/2
   193 | D:1      | You fall into a shaft and drop 1 floor!
   343 | D:1      | Reached XP level 3. HP: 29/30 MP: 3/3
   779 | D:2      | Reached skill level 4 in Long Blades
   790 | D:2      | Noticed Jessica
   802 | D:2      | Killed Jessica
   803 | D:2      | Reached XP level 4. HP: 35/38 MP: 4/4
  1058 | D:2      | Reached skill level 5 in Long Blades
  1064 | D:2      | Reached XP level 5. HP: 31/43 MP: 5/5
  1484 | D:3      | Reached skill level 5 in Fighting
  1926 | D:3      | Reached skill level 6 in Long Blades
  1946 | D:3      | Reached XP level 6. HP: 49/51 MP: 6/6
  2668 | D:4      | Noticed a steam dragon
  2681 | D:4      | HP: 2/51 [adder (1)]
  2689 | D:4      | Engulfed by a steam dragon's steam

Illustrated notes

Levels and vault maps discovered:
D:1:      lightli_arrival_chessboard, layout_loops_ring
D:2:      layout_loops_ring, minmay_hedge_maze, st_stairs_11, uniq_jessica
D:3:      layout_loops_ring, chequers_serial_rivers_small_a,
          minmay_snake_closets
D:4:      minmay_thinvault, layout_basic

Skill      XL: |  1  2  3  4  5  6 |
---------------+-------------------+-----
Long Blades    | 3 4 5 6 |  6.0
Fighting       | 4 5 |  5.5
Armour         | 4 |  4.3
Shields        | |  3.2

Action                     |  1- 3 |  4- 6 || total
---------------------------+-------+-------++-------
  Melee: Long sword        |    92 |       ||    92
         Dagger            |    32 |   205 ||   237
    Use: Scroll            |     1 |     7 ||     8
         Potion            |       |     3 ||     3
 Armour: Scale mail        |    79 |   108 ||   187
  Dodge: Dodged            |    92 |    55 ||   147
  Block: Buckler           |    42 |     3 ||    45
         Kite shield       |       |    78 ||    78

Table legend: (Time is in decaauts)
 A = Elapsed time spent in this place.
 B = Non-inter-level travel time spent in this place.
 C = Inter-level travel time spent in this place.
 D = Time resting spent in this place.
 E = Time spent auto-exploring this place.
 F = Levels seen in this place.
 G = Mean time per level.
                   A        B        C        D        E       F      G
               +--------+--------+--------+--------+--------+-----+--------+
         Total |   3137 |   3032 |    105 |      3 |   2304 |   4 |  784.2 |
       Dungeon |   3137 |   3032 |    105 |      3 |   2304 |   4 |  784.2 |
               +--------+--------+--------+--------+--------+-----+--------+

Top non-repeatable levels by time:
     D:3: 894 daAuts
     D:1: 857 daAuts
     D:2: 812 daAuts
     D:4: 572 daAuts
